 Seeded DCSS version 0.27-a0-1202-ge72e491 (webtiles) character file.

Game seed: 7668484236958091489 (custom seed)

137340 edsrzf the Fencer (level 17, -4/133 HPs)
             Began as a Formicid Enchanter on May 31, 2021.
             Was the Champion of Okawaru.
             Slain by a shambling mangrove (12 damage)
             ... on level 3 of the Swamp on June 2, 2021.
             The game lasted 02:46:23 (37536 turns).

edsrzf the Fencer (Formicid Enchanter)             Turns: 37536, Time: 02:46:24

Health: -4/133     AC: 13    Str: 15    XL:     17   Next: 83%
Magic:  0/36       EV: 15    Int: 20    God:    Okawaru [******]
Gold:   3003       SH: 13    Dex: 13    Spells: 20/36 levels left

rFire    + . .     SeeInvis +   a - +11 plutonium sword {Contam Stlth-}
rCold    + + .     Faith    .   B - +2 kite shield {reflect}
rNeg     . . .     Spirit   +   m - +4 moon troll leather armour {Spirit, Regen++ MP+5}
rPois    +         Reflect  +   (helmet unavailable)
rElec    .         Harm     .   n - scarf {rC+ rF+}
rCorr    .         Rampage  .   N - +0 pair of gloves of Logeich {rPois Dex+2 SInv}
Will     +....                  l - +2 pair of boots
Stlth    +++.......             M - amulet of magic regeneration
HPRegen  2.32/turn              X - ring of protection from cold
MPRegen  0.50/turn              R - +4 ring of evasion

@: grasped by roots, constricted
A: permanent stasis, dig shafts and tunnels, antennae 3, four strong arms
a: Dig, Shaft Self, Renounce Religion, Heroism, Finesse


You were on level 3 of the Swamp.
You worshipped Okawaru.
Okawaru was exalted by your worship.
You visited 5 branches of the dungeon, and saw 27 of its levels.
You also visited: Gauntlet and Ice Cave.

You collected 3003 gold pieces.

Inventory:

Hand Weapons
 a - the +11 plutonium sword (weapon) {Contam Stlth-}
   (Okawaru gifted it to you on level 1 of the Swamp)

   It causes magical contamination when unequipped.
   It makes you less stealthy.
Missiles
 k - 6 throwing nets {=f}
 y - 88 poisoned darts
 G - 18 boomerangs of dispersal
 I - 7 atropa-tipped darts
 S - 161 bolts
Armour
 l - a +2 pair of boots (worn)
 m - the +4 moon troll leather armour (worn) {Spirit, Regen++ MP+5}
   (You found it in a Gauntlet)

   It affects your magic capacity (+5).
   It increases your rate of health regeneration.
 n - a scarf of resistance (worn)
 B - a +2 kite shield of reflection (worn)
 N - the +0 pair of gloves of Logeich (worn) {rPois Dex+2 SInv}
   (You found it on level 12 of the Dungeon)

   It affects your dexterity (+2).
   It protects you from poison.
   It lets you see invisible.
 U - a +0 pair of boots of rampaging
Jewellery
 w - a ring of protection from fire
 H - the ring "Nenentor" {rElec Dex+6}
   (You found it in a Gauntlet)

   [ring of dexterity]

   It affects your dexterity (+6).
   It insulates you from electricity.
 L - a ring of flight
 M - an amulet of magic regeneration (around neck)
 R - a +4 ring of evasion (right hand)
 X - a ring of protection from cold (left hand)
 Y - a ring of protection from cold
 Z - a ring of protection from fire
Wands
 i - a wand of charming (21)
 r - a wand of acid (2)
 u - a wand of iceblast (28)
 v - a wand of flame (51)
 J - a wand of paralysis (7)
 O - a wand of polymorph (5)
Scrolls
 c - 3 scrolls of fog
 e - 2 scrolls of vulnerability
 f - a scroll of holy word
 h - 2 scrolls of silence {!r}
 j - 7 scrolls of enchant armour
 x - 2 scrolls of magic mapping
 C - 5 scrolls of amnesia
 E - 3 scrolls of enchant weapon
 K - 3 scrolls of identify {@r1}
Potions
 d - 2 potions of might
 g - 3 potions of flight
 o - a potion of brilliance
 p - 3 potions of curing
 q - 2 potions of invisibility
 z - a potion of magic
 D - 9 potions of ambrosia
 F - 2 potions of cancellation
 Q - 2 potions of mutation {!q}
 V - 4 potions of heal wounds
Miscellaneous
 t - a box of beasts
 P - a tin of tremorstones (2/2)
 W - a phantom mirror


   Skills:
 - Level 12.2 Fighting
 - Level 5.0(12.1) Short Blades
 + Level 16.6(16.8) Long Blades
 - Level 7.0 Armour
 - Level 6.0 Dodging
 - Level 10.2 Stealth
 - Level 9.3 Shields
 - Level 10.0 Spellcasting
 - Level 7.0 Conjurations
 - Level 10.0 Hexes
 - Level 10.0 Earth Magic
 - Level 7.6 Invocations


You had 20 spell levels left.
You knew the following spells:

 Your Spells              Type           Power      Damage    Failure   Level
a - Stone Arrow           Conj/Erth      88%        3d12      1%          3
c - Confusing Touch       Hex            50%        N/A       1%          3
d - Tukima's Dance        Hex            50%        N/A       1%          3
h - Ensorcelled Hibernat  Hex/Ice        60%        N/A       1%          2
p - Passwall              Tmut/Erth      25%        N/A       1%          2
z - Dazzling Flash        Conj/Hex       88%        N/A       1%          3

Your spell library contained the following spells:

 Spells                   Type           Power      Damage    Failure   Level
 Corona                   Hex            55%        N/A       1%          1
 Foxfire                  Conj/Fire      96%        2x1d8     1%          1
 Sandblast                Erth           100%       2d20      1%          1
 Slow                     Hex            50%        N/A       1%          2
 Cause Fear               Hex            25%        N/A       1%          4
 Leda's Liquefaction      Hex/Erth       25%        N/A       1%          4
 Inner Flame              Hex/Fire       30%        N/A       3%          3
 Portal Projectile        Hex/Tloc       60%        N/A       3%          3
 Summon Guardian Golem    Hex/Summ       30%        N/A       3%          3
 Lee's Rapid Deconstruct  Erth           25%        3d15*     3%          5
 Conjure Flame            Conj/Fire      24%        6-21      6%          3
 Apportation              Tloc           20%        N/A       9%          1
 Freeze                   Ice            40%        1d6       9%          1
 Summon Small Mammal      Summ           40%        N/A       9%          1
 Petrify                  Tmut/Erth      30%        N/A       11%         4
 Call Imp                 Summ           10%        N/A       12%         2
 Hailstorm                Conj/Ice       24%        3d7       19%         4
 Sticky Flame             Conj/Fire      24%        2d5       19%         4
 Invisibility             Hex            50%        N/A       21%         6
 Call Canine Familiar     Summ           10%        N/A       24%         3
 Frozen Ramparts          Ice            20%        1d4       24%         3
 Gell's Gravitas          Tloc           5%         N/A       24%         3
 Lesser Beckoning         Tloc           5%         N/A       24%         3
 Ozocubu's Armour         Ice            10%        N/A       24%         3
 Teleport Other           Tloc           10%        N/A       24%         3
 Metabolic Englaciation   Hex/Ice        15%        N/A       28%         5
 Silence                  Hex/Air        15%        N/A       28%         5
 Yara's Violent Unravell  Hex/Tmut       15%        3d8       28%         5
 Fireball                 Conj/Fire      12%        3d7       47%         5
 Summon Ice Beast         Ice/Summ       10%        N/A       63%         4
 Summon Lightning Spire   Summ/Air       10%        N/A       63%         4
 Alistair's Intoxication  Tmut/Pois      6%         N/A       92%         5
 Freezing Cloud           Conj/Ice/Air   9%         6-21      99%         6
 Malign Gateway           Summ/Tloc      5%         N/A       100%        7
 Discord                  Hex            25%        N/A       100%        8
 Disjunction              Tloc           5%         N/A       100%        8


Dungeon Overview and Level Annotations

Branches:
Dungeon (15/15)            Temple (1/1) D:5            Lair (6/6) D:10
  Swamp (3/4) Lair:3        Snake (0/4) Lair:4        Slime (0/5) Lair:5
    Orc (2/2) D:12            Elf (0/3) Orc:2        Vaults (0/5) D:13
 Depths (0/5) D:15          IceCv (visited)         Gauntlet (visited)

Altars:
Ashenzari
Cheibriados
Dithmenos
Elyvilon
Fedhas
Gozag
Hepliaklqana
Kikubaaqudgha
Makhleb
Nemelex Xobeh
Okawaru
Qazlal
Ru
Sif Muna
Trog
Uskayaw
Vehumet
Wu Jian
Xom
Yredelemnul
Zin
The Shining One
Beogh
Jiyva

Shops:
D:1 (   D:13 (   D:15 :   Orc:1 =   Orc:2 ![*[

Annotations:
D:5 1 runed translucent door, exclusions: ogre and zombie, Geeful's ghost, novice GrMo
D:13 exclusion: hydra
Lair:1 2 transporters, Fannar; TheOrbIsALie's ghost, journeyman DgWn
Lair:2 exclusion: hydra
Lair:3 exclusion: hydra
Lair:5 exclusion: 3 oklob plants


Innate Abilities, Weirdness & Mutations

You cannot be hasted, slowed, berserked, paralysed or teleported.
You can dig through walls and to a lower floor.
You have a pair of large antennae on your head. (SInv)
Your four strong arms can wield two-handed weapons with a shield.


Message History

The spectral fenstrider witch fades away!
You are engulfed in spectral mist.
You see here 17 stones.
You see here a ring of protection from cold.
You open the door.
A tyrant leech and a shambling mangrove come into view.
An eleionoma comes into view.
Found a metal-bound book.
There is an open door here.
The helpless tyrant leech fails to defend itself.
You slice the tyrant leech like a ripe choko!!!
The tyrant leech is almost dead.
The eleionoma shouts!
The tyrant leech barely misses you.
You slice the tyrant leech!!
You kill the tyrant leech!
Okawaru accepts your kill.
There is an open door here.
Roots burst forth from the earth!
The grasping roots grab you! The grasping roots constrict you.
There is an open door here.
The roots' grasp on you weakens, but your attempt to escape fails.
You block the shambling mangrove's attack.
The grasping roots constrict you! You block the eleionoma's attack.
Unknown command.
Press: ? - help, v - describe, . - travel
Here: an eleionoma The floor.
Unknown command.
You barely miss the shambling mangrove. The shambling mangrove hits you!!
The grasping roots constrict you! You block the eleionoma's attack.
You slice the shambling mangrove!!
The shambling mangrove is moderately damaged.
The eleionoma completely misses you.
You block the shambling mangrove's attack.
The grasping roots constrict you!
You hit the shambling mangrove.
Mutagenic energy flows through the plutonium sword!
The air around the shambling mangrove crackles with energy.
The shambling mangrove twists and deforms.
The shambling mangrove is moderately damaged.
The eleionoma hits you.
The shambling mangrove barely misses you.
The grasping roots constrict you.
You slice the shambling mangrove!!
The shambling mangrove is heavily damaged.
You block the eleionoma's attack.
You slash the shambling mangrove!
The shambling mangrove is severely damaged.
Angry insects surge out from beneath the shambling mangrove's foliage!
The shambling mangrove hits you! The grasping roots constrict you.
The eleionoma hits you!
Unknown command.
You completely miss the shambling mangrove.
The shambling mangrove is severely damaged.
A hornet comes into view.
The shambling mangrove hits you! The grasping roots constrict you.
The eleionoma hurls a spray of splinters at you.
The spray of wooden splinters misses you.
You barely miss the shambling mangrove.
The shambling mangrove is severely damaged.
The hornet closely misses you.
You riposte.
You barely miss the hornet. The eleionoma hits you.
The shambling mangrove hits you but does no damage.
The grasping roots constrict you! You block the hornet's attack.
Unknown command.
You slice the shambling mangrove!!
The shambling mangrove is almost destroyed.
You block the hornet's attack.
The eleionoma hurls a spray of splinters at you.
The spray of wooden splinters hits you!!
The shambling mangrove closely misses you.
* * * LOW HITPOINT WARNING * * *
The grasping roots constrict you!
Casting: Stone Arrow (safe; 1% risk of failure)
Confirm with . or Enter, or press ? or * to list all spells.
The hornet is dazzled. x3; The hornet completely misses you.
The eleionoma hurls a spray of splinters at you.
The spray of wooden splinters hits you but does no damage.
The hornet barely misses you.
You block the shambling mangrove's attack.
* * * LOW HITPOINT WARNING * * *
The grasping roots constrict you!
Unknown command.
You slash the shambling mangrove!
The shambling mangrove is almost destroyed.
The hornet misses you. The eleionoma hits you!
* * * LOW HITPOINT WARNING * * *
Unknown command.
Aiming: Corrosive Bolt
Press: ? - help, Shift-Dir - straight line, f - eleionoma
Aim: an eleionoma (71% to hit)
The bolt of acid hits the eleionoma!
The eleionoma is splashed with acid.
The acid corrodes the eleionoma!
The eleionoma is moderately wounded.
The eleionoma hits you!
* * * LOW HITPOINT WARNING * * *
You block the shambling mangrove's attack.
You die...

♣♣♣♣♣♣ ♣♣♣♣
.♣♣♣≈...♣♣...♣♣
≈≈.≈≈≈≈≈≈.§≈≈.♣
...≈≈≈≈≈§.≈≈≈.♣
#....y.....♣
#:..Rfyy≈♣≈♣♣
#.###@#...≈?♣
#...#○.≈≈.♣♣♣
#.#.#.°.≈..≈♣♣
#...#.$°..≈≈.♣
#...#○..≈.≈§.
#=#.#.°≈.♣
..#...#..≈.♣
#.##.##...♣♣
#.....(...♣♣


You could see a shambling mangrove (misshapen), an eleionoma (corroded) and 3
hornets.

Vanquished Creatures
  A thorn hunter (Swamp:2)
  An orc warlord (D:12)
  A stone giant (D:15)
  Nessos (Lair:5)
  A white draconian (IceCv)
  3 bunyips (Swamp:2)
  2 eleionomae
  Josephine (Lair:5)
  A fire dragon (Lair:6)
  8 hydras
  4 boulder beetles
  An ogre mage (D:13)
  A ghost crab (Swamp:3)
  Harold (D:10)
  2 centaur warriors
  5 two-headed ogres
  7 alligators
  2 tengu warriors
  Urug (Orc:2)
  A satyr (Swamp:2)
  14 death yaks
  A hell hog (Gauntlet)
  5 orc high priests (Orc:2)
  Nergalle (Orc:1)
  3 spriggans (Swamp:1)
  3 goliath frogs
  A fire crab (Lair:3)
  2 swamp dragons
  8 orc knights
  An orb spider (shapeshifter) (D:15)
  2 lindwurms (Lair:6)
  A wolf spider (Lair:6)
  2 manticores
  3 orc sorcerers
  3 large abominations (Gauntlet)
  17 ugly things
  2 will-o-the-wisps
  3 cyclopes
  7 black mambas
  17 elephants
  8 cane toads
  An ice statue (IceCv)
  A gargoyle (D:12)
  A torpor snail (Lair:5)
  Maggie (D:10)
  16 rime drakes
  3 unseen horrors
  A freezing wraith (D:14)
  5 yaktaurs (D:15)
  Psyche (D:8)
  A yaktaur (shapeshifter) (D:14)
  12 komodo dragons
  A queen bee (Lair:3)
  21 polar bears
  3 meliai (D:13)
  6 tyrant leeches
  7 hornets
  5 trolls
  3 raiju (Lair:6)
  6 dream sheep (Lair:5)
  5 blink frogs (Lair:4)
  A dream sheep (shapeshifter) (D:14)
  6 small abominations (Gauntlet)
  9 wyverns
  3 wraiths (Lair:5)
  2 vampires
  3 steam dragons
  2 fire bats (Gauntlet)
  75 yaks
  11 basilisks
  12 vampire mosquitoes
  9 wargs
  4 acid dragons
  6 swamp worms
  4 nagas (Lair:4)
  16 water moccasins
  16 hell hounds
  A floating eye (Lair:5)
  39 orc warriors
  3 swamp drakes
  A sky beast (D:7)
  9 ice beasts
  A hornet zombie (D:7)
  12 black bears
  2 necrophages (D:7)
  7 ogres
  40 wolves
  11 centaurs
  A phantom (D:5)
  A kobold brigand (D:9)
  13 bullfrogs
  A scorpion (D:5)
  A water moccasin skeleton (D:5)
  30 killer bees
  6 electric eels
  2 wights (D:7)
  8 howler monkeys
  3 hounds
  A jelly (D:6)
  3 gnoll shamans
  A centaur skeleton (D:7)
  A centaur zombie (D:9)
  29 orc priests
  5 iguanas
  A scorpion zombie (D:5)
  Ijyb (D:4)
  23 orc wizards
  9 hell rats
  A killer bee zombie (D:5)
  A howler monkey zombie (D:10)
  12 gnolls
  6 adders
  A shadow imp (D:7)
  A worm (D:4)
  4 dart slugs
  88 orcs
  6 ball pythons
  7 endoplasms
  5 giant cockroaches
  6 goblins
  5 hobgoblins
  4 jackals (D:2)
  5 quokkas
  6 bats
  4 frilled lizards
  9 kobolds
  5 rats
870 creatures vanquished.

Vanquished Creatures (collateral kills)
  A minotaur (Gauntlet)
  A shambling mangrove (Swamp:2)
  A goliath frog (Swamp:2)
  2 hornets (Swamp:2)
  2 basilisks (Lair:6)
  2 vampire mosquitoes (Swamp:2)
  An acid dragon (Lair:6)
  2 swamp worms (Swamp:2)
  An orc warrior (D:9)
  2 wights (D:7)
  An orc (D:9)
16 creatures vanquished.

Vanquished Creatures (others)
  2 bloated husks
  2 polar bears (IceCv)
  A spriggan (Swamp:3)
  3 yaks (IceCv)
  A centaur (D:13)
  4 wolves (IceCv)
  14 demonic plants (Gauntlet)
  42 fungi
  115 plants
184 creatures vanquished.

Grand Total: 1070 creatures vanquished

Notes
Turn   | Place    | Note
-------+----------+-------------------------------------------
     0 | D:1      | edsrzf the Formicid Enchanter began the quest for the Orb.
     0 | D:1      | Reached XP level 1. HP: 13/13 MP: 3/3
    83 | D:1      | Identified a potion of haste
    98 | D:1      | Identified a potion of degeneration
   477 | D:2      | Reached XP level 2. HP: 13/19 MP: 1/5
   761 | D:2      | Learned a level 2 spell: Ensorcelled Hibernation
   921 | D:2      | Reached skill level 2 in Short Blades
   921 | D:2      | Reached skill level 4 in Stealth
   921 | D:2      | Reached skill level 4 in Hexes
   921 | D:2      | Reached XP level 3. HP: 24/24 MP: 1/6
  1459 | D:1      | Found a faded altar of an unknown god.
  1490 | D:1      | Reached XP level 4. HP: 28/30 MP: 0/7
  1936 | D:1      | Found Hefri's Antique Weapon Boutique.
  2542 | D:2      | Reached skill level 3 in Short Blades
  2738 | D:2      | Reached XP level 5. HP: 35/35 MP: 5/8
  4184 | D:4      | Learned a level 3 spell: Confusing Touch
  4192 | D:4      | Noticed Ijyb
  4253 | D:4      | Noticed a centaur
  4287 | D:4      | Killed a centaur
  4288 | D:4      | Reached skill level 4 in Short Blades
  4288 | D:4      | Reached skill level 5 in Stealth
  4288 | D:4      | Reached skill level 5 in Hexes
  4288 | D:4      | Reached XP level 6. HP: 38/41 MP: 6/9
  4573 | D:4      | Noticed an ogre
  4616 | D:4      | Killed an ogre
  4689 | D:4      | Reached XP level 7. HP: 35/46 MP: 7/10
  4703 | D:4      | Identified 2 potions of invisibility
  4994 | D:4      | Reached skill level 5 in Short Blades
  5490 | D:4      | Killed Ijyb
  5491 | D:4      | Reached skill level 3 in Spellcasting
  5762 | D:4      | Found a blossoming altar of Fedhas.
  5771 | D:4      | Found a stormy altar of Qazlal.
  6066 | D:5      | Entered Level 5 of the Dungeon
  6096 | D:5      | Reached skill level 1 in Long Blades
  6096 | D:5      | Reached skill level 6 in Stealth
  6104 | D:5      | Identified a potion of brilliance
  6105 | D:5      | Identified a potion of heal wounds
  6179 | D:5      | Identified 2 scrolls of teleportation
  6218 | D:5      | Identified the +1 scale mail of Xankom {MP-9 Str-2 Dex+6}
  6257 | D:5      | Reached skill level 2 in Long Blades
  6358 | D:5      | Found a runed translucent door.
  6380 | D:5      | Reached XP level 8. HP: 52/52 MP: 10/13
  6387 | D:5      | Reached skill level 4 in Spellcasting
  6393 | D:5      | Learned a level 3 spell: Tukima's Dance
  6397 | D:5      | Learned a level 3 spell: Dazzling Flash
  6535 | D:5      | Noticed Geeful's ghost (novice GrMo)
  6610 | D:5      | Found a staircase to the Ecumenical Temple.
  6619 | Temple   | Entered the Ecumenical Temple
  6935 | Temple   | Became a worshipper of Warmaster Okawaru
  7415 | D:6      | Reached skill level 3 in Long Blades
  7415 | D:6      | Reached skill level 7 in Stealth
  7505 | D:6      | Reached skill level 6 in Hexes
  7609 | D:6      | Reached * piety under Okawaru
  7610 | D:6      | Reached skill level 8 in Stealth
  7667 | D:6      | Reached skill level 4 in Long Blades
  7849 | D:6      | Reached XP level 9. HP: 57/57 MP: 12/15
  8266 | D:7      | Found an opulent altar of Gozag.
  8301 | D:7      | Reached skill level 7 in Hexes
  8424 | D:7      | Identified 3 scrolls of blinking
  8534 | D:7      | Reached skill level 5 in Long Blades
  8534 | D:7      | Reached skill level 9 in Stealth
  8653 | D:7      | Reached ** piety under Okawaru
  9327 | D:7      | Identified 2 scrolls of identify
  9327 | D:7      | Identified a potion of flight
  9328 | D:7      | Identified 2 potions of attraction
 10445 | D:8      | Reached skill level 8 in Hexes
 10686 | D:8      | Noticed a hornet
 10691 | D:8      | Noticed Psyche
 10697 | D:8      | Killed a hornet
 10698 | D:8      | Reached skill level 6 in Long Blades
 10705 | D:8      | Killed Psyche
 10705 | D:8      | Reached *** piety under Okawaru
 10706 | D:8      | Reached skill level 10 in Stealth
 10706 | D:8      | Reached XP level 10. HP: 29/63 MP: 13/16
 11140 | D:8      | Reached skill level 9 in Hexes
 11143 | D:8      | Reached skill level 1 in Shields
 11145 | D:8      | Reached skill level 7 in Long Blades
 11145 | D:8      | Reached skill level 2 in Shields
 11147 | D:8      | Reached skill level 3 in Shields
 11967 | D:9      | Reached skill level 4 in Shields
 12278 | D:9      | Reached skill level 8 in Long Blades
 12380 | D:10     | Entered Level 10 of the Dungeon
 12380 | D:10     | Found a hide-covered altar of Uskayaw.
 12380 | D:10     | Noticed a +0 dagger
 12380 | D:10     | Noticed a +0 spear
 12380 | D:10     | Noticed a +0 short sword
 12380 | D:10     | Noticed a +0 spear
 12380 | D:10     | Noticed a +0 short sword
 12380 | D:10     | Noticed a +0 falchion
 12380 | D:10     | Noticed a +0 falchion
 12380 | D:10     | Noticed a +0 dagger
 12380 | D:10     | Noticed Harold
 12382 | D:10     | Reached **** piety under Okawaru
 12383 | D:10     | Reached skill level 5 in Shields
 12599 | D:10     | Identified 6 potions of curing
 12604 | D:10     | Killed Harold
 12605 | D:10     | Reached skill level 6 in Shields
 12610 | D:10     | Reached XP level 11. HP: 26/68 MP: 9/17
 12869 | D:10     | Identified a potion of ambrosia
 12971 | D:10     | Identified the +1 chain mail of the Alphagorgon {*Corrode
                  | rC+ rN+ SInv}
 12976 | D:10     | Found a staircase to the Lair.
 13003 | D:10     | Reached skill level 9 in Long Blades
 13006 | D:10     | Reached skill level 7 in Shields
 14052 | D:9      | Reached ***** piety under Okawaru
 14053 | D:9      | Reached skill level 8 in Shields
 14731 | D:10     | Noticed Maggie
 14748 | D:10     | Killed Maggie
 15048 | D:10     | Reached skill level 10 in Long Blades
 15183 | D:10     | Identified the +12 plate armour of Acedgh {rPois}
 15400 | Lair:1   | Entered Level 1 of the Lair of Beasts
 15460 | Lair:1   | Reached skill level 9 in Shields
 15462 | Lair:1   | Identified the +0 crystal plate armour "Exuarhus" {-Cast
                  | +Inv rC+ rN+++ rCorr} (Okawaru gifted it to you on level 1
                  | of the Lair of Beasts)
 15462 | Lair:1   | Received a gift from Okawaru
 15805 | D:11     | Noticed a seven-headed hydra
 15809 | D:11     | Reached skill level 1 in Fighting
 15977 | D:11     | Reached skill level 2 in Fighting
 16233 | D:10     | Reached skill level 3 in Fighting
 16299 | Lair:1   | Reached XP level 12. HP: 82/82 MP: 15/18
 16344 | Lair:1   | Reached skill level 4 in Fighting
 16344 | Lair:1   | Reached skill level 11 in Long Blades
 16453 | Lair:1   | Found a transporter.
 16455 | Lair:1   | Found a transporter.
 16474 | Lair:1   | Noticed TheOrbIsALie's ghost (journeyman DgWn)
 16641 | Lair:1   | Reached skill level 5 in Fighting
 16897 | Lair:1   | Learned a level 2 spell: Passwall
 17108 | Lair:1   | Reached skill level 6 in Fighting
 17391 | Lair:1   | Noticed Fannar
 18068 | Lair:2   | Reached skill level 12 in Long Blades
 18079 | Lair:2   | Reached skill level 7 in Fighting
 18084 | Lair:2   | Reached skill level 1 in Earth Magic
 18203 | Lair:2   | Noticed a seven-headed hydra
 18320 | Lair:2   | Noticed an eight-headed hydra
 18349 | Lair:2   | Received a gift from Okawaru
 18356 | Lair:2   | Reached skill level 2 in Earth Magic
 18469 | Lair:2   | Noticed an eight-headed hydra
 18583 | Lair:2   | Identified 2 potions of cancellation
 18926 | Lair:3   | Noticed a five-headed hydra
 19065 | Lair:3   | Reached skill level 3 in Earth Magic
 19114 | Lair:3   | Identified a potion of mutation
 19158 | Lair:3   | Found a staircase to the Swamp.
 19211 | Lair:3   | Noticed a fire crab
 19221 | Lair:3   | Killed a fire crab
 19222 | Lair:3   | Reached skill level 4 in Earth Magic
 19480 | Lair:3   | Reached XP level 13. HP: 30/96 MP: 10/19
 19550 | Lair:3   | Reached skill level 5 in Earth Magic
 20365 | Lair:4   | Reached skill level 6 in Earth Magic
 20460 | Lair:4   | Found a staircase to the Snake Pit.
 20523 | Lair:4   | Reached skill level 13 in Long Blades
 20667 | Lair:4   | Reached skill level 7 in Earth Magic
 20812 | Lair:4   | Reached skill level 8 in Earth Magic
 21098 | Lair:4   | Received a gift from Okawaru
 21809 | Lair:4   | Reached skill level 9 in Earth Magic
 21877 | Lair:4   | Reached skill level 14 in Long Blades
 21946 | Lair:4   | Received a gift from Okawaru
 22001 | Lair:4   | Reached ****** piety under Okawaru
 22014 | Lair:4   | Noticed a four-headed hydra
 22101 | Lair:3   | Reached skill level 10 in Earth Magic
 22212 | Lair:5   | Found a white marble altar of Elyvilon.
 22251 | Lair:4   | Killed a four-headed hydra
 22252 | Lair:4   | Reached skill level 1 in Conjurations
 22252 | Lair:4   | Reached XP level 14. HP: 81/103 MP: 15/20
 22267 | Lair:4   | Learned a level 3 spell: Stone Arrow
 22267 | Lair:4   | Identified 6 scrolls of enchant armour
 22582 | Lair:5   | Identified 4 scrolls of fog
 22583 | Lair:5   | Identified 4 scrolls of vulnerability
 22584 | Lair:5   | Identified 3 scrolls of fear
 22585 | Lair:5   | Identified 3 scrolls of enchant weapon
 22586 | Lair:5   | Identified 2 scrolls of noise
 22587 | Lair:5   | Identified 2 scrolls of amnesia
 22588 | Lair:5   | Identified 2 scrolls of magic mapping
 22657 | Lair:4   | Reached skill level 2 in Conjurations
 22686 | Lair:4   | Upgraded the game from 0.27-a0-1200-g94dc6ad to
                  | 0.27-a0-1202-ge72e491
 22920 | Lair:5   | Reached skill level 3 in Conjurations
 22955 | Lair:5   | Received a gift from Okawaru
 23024 | Lair:5   | Noticed Nessos
 23042 | Lair:5   | Killed Nessos
 23091 | Lair:5   | Reached skill level 4 in Conjurations
 23202 | Lair:5   | Reached skill level 15 in Long Blades
 23212 | Lair:5   | Reached skill level 5 in Conjurations
 23338 | Lair:5   | Found a viscous altar of Jiyva.
 23338 | Lair:5   | Found a staircase to the Slime Pits.
 23373 | Lair:5   | Noticed Josephine
 23375 | Lair:5   | Identified a scroll of torment
 23385 | Lair:5   | Killed Josephine
 23974 | Lair:6   | Entered Level 6 of the Lair of Beasts
 24033 | Lair:6   | Found a frozen archway.
 24073 | Lair:6   | Reached skill level 6 in Conjurations
 24131 | Lair:6   | Found a gate leading to a gauntlet.
 24143 | Gauntlet | Entered a Gauntlet
 24143 | Gauntlet | Found a transporter.
 24152 | Gauntlet | Found a transporter.
 24154 | Gauntlet | Found a transporter.
 24156 | Gauntlet | Found a transporter.
 24157 | Gauntlet | Found a transporter.
 24158 | Gauntlet | Found a transporter.
 24166 | Gauntlet | Found a transporter.
 24170 | Gauntlet | Found the +2 cloak of the Thief {*Fog Slay-2 SInv Stlth+}
 24175 | Gauntlet | Found a transporter.
 24187 | Gauntlet | Found a transporter.
 24190 | Gauntlet | Found a transporter.
 24202 | Gauntlet | Found a transporter.
 24235 | Gauntlet | Found a runed translucent door.
 24373 | Gauntlet | Identified the +2 helmet of Bedevilment {rC- Will+ Regen+
                  | Int+6}
 24447 | Gauntlet | Identified the ring "Nenentor" {rElec Dex+6}
 24472 | Gauntlet | Noticed a minotaur
 24473 | Gauntlet | Found the +4 moon troll leather armour {Spirit, Regen++
                  | MP+5}
 24482 | Gauntlet | Killed a minotaur
 24485 | Gauntlet | Identified Ubrocy's Almanac of the Traveller
 24512 | Gauntlet | Identified a scroll of holy word
 24513 | Gauntlet | Identified a scroll of silence
 24565 | IceCv    | Entered an ice cave
 24833 | IceCv    | Received a gift from Okawaru
 24956 | IceCv    | Identified a potion of lignification
 24965 | IceCv    | Identified a scroll of immolation
 25081 | IceCv    | Reached skill level 7 in Conjurations
 25085 | IceCv    | Reached XP level 15. HP: 108/108 MP: 21/21
 25113 | IceCv    | Reached skill level 1 in Invocations
 25190 | IceCv    | Reached skill level 2 in Dodging
 25222 | IceCv    | Reached skill level 2 in Invocations
 25353 | IceCv    | Reached skill level 3 in Invocations
 25361 | IceCv    | Reached skill level 3 in Dodging
 25406 | IceCv    | Identified Sif Muna's Tome of Ice
 25562 | Lair:6   | Reached skill level 4 in Invocations
 25699 | Lair:6   | Reached skill level 4 in Dodging
 25819 | Lair:6   | Reached skill level 5 in Invocations
 26138 | Lair:6   | Reached skill level 6 in Invocations
 26163 | Lair:6   | Reached skill level 5 in Dodging
 26164 | Lair:6   | Received a gift from Okawaru
 26518 | Lair:6   | Reached skill level 7 in Invocations
 26669 | Lair:6   | Reached skill level 6 in Dodging
 26744 | Lair:6   | Reached skill level 1 in Armour
 26864 | Lair:6   | Reached skill level 2 in Armour
 27239 | Lair:6   | Reached skill level 3 in Armour
 27346 | Lair:6   | Reached skill level 8 in Fighting
 27366 | Lair:6   | Received a gift from Okawaru
 27383 | Lair:6   | Reached skill level 4 in Armour
 27553 | Lair:6   | Identified a scroll of summoning
 27559 | Lair:6   | Reached XP level 16. HP: 115/118 MP: 21/22
 28299 | D:11     | Reached skill level 5 in Armour
 28369 | D:12     | Identified a potion of magic
 28419 | D:12     | Found a staircase to the Orcish Mines.
 28598 | D:12     | Reached skill level 9 in Fighting
 28984 | D:12     | Identified the +0 pair of gloves of Logeich {rPois Dex+2
                  | SInv}
 29792 | Orc:1    | Entered Level 1 of the Orcish Mines
 29888 | Orc:1    | Reached skill level 6 in Armour
 30238 | Orc:2    | Entered Level 2 of the Orcish Mines
 30292 | Orc:2    | Noticed Urug
 30758 | Orc:2    | Reached skill level 10 in Fighting
 30758 | Orc:2    | Reached skill level 7 in Armour
 30792 | Orc:2    | Killed Urug
 30851 | Orc:2    | Received a gift from Okawaru
 31033 | D:13     | Found a gate to the Vaults.
 31094 | D:13     | Reached skill level 5 in Spellcasting
 31194 | D:13     | Found Taggatia's Weapon Shoppe.
 31849 | D:13     | Found a blossoming altar of Fedhas.
 32259 | D:14     | You fall into a shaft and drop 1 floor!
 32259 | D:15     | Entered Level 15 of the Dungeon
 32410 | D:14     | Reached skill level 11 in Fighting
 32437 | D:14     | Reached skill level 6 in Spellcasting
 32982 | Orc:2    | Found Dyutotoy's Armour Shop.
 32985 | Orc:2    | Found Isimp's Assorted Antiques.
 32986 | Orc:2    | Found Cov Wirgh's Distillery.
 32987 | Orc:2    | Found Foluanla's Armour Shop.
 33122 | Orc:2    | Found a staircase to the Elven Halls.
 33444 | Orc:1    | Found Wappuipn's Jewellery Shop.
 33592 | Orc:1    | Noticed Nergalle
 33623 | Orc:1    | Killed Nergalle
 34247 | D:14     | Reached skill level 7 in Spellcasting
 34267 | D:14     | Reached XP level 17. HP: 133/133 MP: 18/27
 34755 | D:15     | Found a staircase to the Depths.
 34870 | D:15     | Reached skill level 12 in Fighting
 35063 | D:15     | Reached skill level 8 in Spellcasting
 35069 | D:15     | Found Miawkixzu's Book Shoppe.
 35229 | D:15     | Identified a scroll of acquirement
 35229 | D:15     | Acquired a book of Flames
 35840 | Swamp:1  | Entered Level 1 of the Swamp
 36227 | Swamp:1  | Received a gift from Okawaru
 36228 | Swamp:1  | Found the +11 plutonium sword {Contam Stlth-}
 36417 | Swamp:1  | Reached skill level 10 in Hexes
 36537 | Swamp:2  | Noticed a thorn hunter
 36549 | Swamp:2  | a thorn hunter changed into a shambling mangrove
 36655 | Swamp:2  | Reached skill level 9 in Spellcasting
 36748 | Swamp:2  | Reached skill level 16 in Long Blades
 36930 | Swamp:2  | Noticed a thorn hunter
 36944 | Swamp:2  | Killed a thorn hunter
 37120 | Swamp:2  | Identified the +1 long sword of Okawaru's Displeasure
                  | {vorpal, rPois rCorr Str+3 Int+3} (Okawaru gifted it to you
                  | on level 2 of the Swamp)
 37120 | Swamp:2  | Received a gift from Okawaru
 37401 | Swamp:2  | Reached skill level 10 in Spellcasting
 37536 | Swamp:3  | Slain by a shambling mangrove

Illustrated notes

Levels and vault maps discovered:
D:1:      lightli_iron_boxes, layout_loops_ring, serial_shops, shop,
          hellmonk_ecumenical_altar_heavens_door
D:2:      layout_basic
D:3:      layout_basic, minmay_misc_feat_tiny
D:4:      layout_basic, grunt_temple_overflow_forces_of_nature, minivault_11,
          uniq_ijyb
D:5:      layout_loops_ring, minmay_temple_entry_wispy,
          hellmonk_ghost_happy_afterlife
D:6:      layout_rooms
D:7:      cheibrodos_quashed, layout_basic, amcnicky_altar_gilded,
          serial_co_window_serial, co_window_corner_a,
          co_window_of_opportunity_a, co_window_paths_b, co_window_paths_b,
          co_window_paths_b, co_window_paths_b, co_window_corner_a,
          co_window_of_opportunity_b, co_window_corner_b, co_window_cross_3,
          co_window_2corner, glass_columns_a,
          hangedman_abyss_or_decor_jellyfish_corner
D:8:      layout_basic, amcnicky_mini_corridor_feature, uniq_psyche
D:9:      layout_rooms, chequers_big_river, kennysheep_nondescript
D:10:     layout_loops_ring, nicolae_uskayaw_en_pointe,
          erik_lair_orcish_takeover, uniq_maggie, uniq_harold
D:11:     layout_rooms
D:12:     layout_grid_maze, david_orc_2
D:13:     layout_cave_pods, david_vaults_2, serial_shops, nicolae_shop_trees,
          fedhas_bush_and_centaur_altar
D:14:     layout_loops_corners, minmay_misc_feat_enclosed, nrook_pool_corridor,
          kennysheep_dice
D:15:     grunt_enter_depths_giant_problem, layout_loops_ring, special_room
          [special_room_orc], serial_shops, nicolae_shop_statue_plus,
          roderic_roman_lattice
Temple:   dpeg_five_rooms_temple
Lair:1:   layout_cave_pods, gammafunk_ghost_arena, infiniplex_staircase_pool,
          uniq_fannar
Lair:2:   layout_loops_ring, grunt_megastairs_5
Lair:3:   layout_roguey [special_room_bee], swamp_mist, minmay_shattered_shrine
Lair:4:   layout_layer_cave, minmay_snake_entry_guardpost_small, special_room
          [special_room_mythical_zoo]
Lair:5:   layout_small_grid, slime_altar_1, basic_altar, disabler_island,
          uniq_josephine, uniq_nessos
Lair:6:   hangedman_lair_caniforms_friends, layout_regular_city,
          guppyfry_lair_end_dragon, gauntlet_entry_generic,
          portal_ice_cave_entry_ice_beasts, grunt_megastairs_4
Swamp:1:  layout_basic_swamp, nicolae_swamp_big_swirl
Swamp:2:  layout_falls_marsh, evilmike_swamp_ruin_house_1
Swamp:3:  layout_basic_swamp, hangedman_swamp_ruin_hall,
          cheibrodos_swamp_pet_leeches
Orc:1:    layout_caves, serial_shops, nicolae_shop_statue_plus, uniq_nergalle
Orc:2:    st_orc_pillars, layout_caves, uniq_urug

Skill      XL: |  1  2  3  4  5  6  7  8  9 10 11 12 13 14 15 16 17 |
---------------+----------------------------------------------------+-----
Short Blades   | 2 3 4 5 |  5.0
Stealth        | 4 5 6 8 10 | 10.2
Hexes          | 4 5 6 8 9 10 | 10.0
Spellcasting   | 3 4 7 10 | 10.0
Long Blades    | 2 4 6 8 10 12 14 15 16 | 16.6
Shields        | 6 9 |  9.3
Fighting       | 3 7 8 11 12 | 12.2
Earth Magic    | 4 10 | 10.0
Conjurations   | 1 7 |  7.0
Invocations    | 7 |  7.6
Dodging        | 6 |  6.0
Armour         | 4 7 |  7.0

Action                   |  1- 3 |  4- 6 |  7- 9 | 10-12 | 13-15 | 16-18 || total
-------------------------+-------+-------+-------+-------+-------+-------++-------
Melee: Dagger            |    83 |   110 |   233 |   409 |   716 |   550 ||  2101
       Scimitar          |       |       |       |     2 |   876 |   270 ||  1148
       Triple sword      |       |       |       |       |       |   162 ||   162
Throw: Throwing net      |       |       |       |       |     1 |     1 ||     2
 Cast: Corona            |     5 |       |       |       |       |       ||     5
       Ensorcelled Hiber |     9 |    29 |    49 |   189 |   275 |   259 ||   810
       Confusing Touch   |       |       |    12 |    10 |    44 |     7 ||    73
       Tukima's Dance    |       |       |     2 |     3 |       |       ||     5
       Dazzling Flash    |       |       |       |     3 |    31 |    39 ||    73
       Stone Arrow       |       |       |       |       |    11 |     5 ||    16
Invok: Heroism           |       |       |       |       |     3 |       ||     3
 Abil: Dig               |       |       |       |     2 |     7 |       ||     9
Evoke: Wand              |       |       |       |    11 |     7 |    14 ||    32
       Phantom mirror    |       |       |       |       |     1 |       ||     1
  Use: Potion            |     2 |       |     3 |     6 |     3 |     4 ||    18
       Scroll            |       |       |     4 |     3 |    18 |     5 ||    30
 Stab: Sleeping          |    13 |    30 |    30 |    91 |   130 |   118 ||   412
       Confused          |       |       |    15 |     4 |    55 |    10 ||    84
       Invisible         |       |       |       |     7 |    16 |    34 ||    57
       Distracted        |       |       |       |     2 |     3 |     3 ||     8
       Held in net/web   |       |       |       |       |     1 |     1 ||     2
Armor: Robe              |    19 |    17 |    17 |       |       |       ||    53
       Skin              |       |       |     5 |     1 |       |       ||     6
       Steam dragon scal |       |       |       |    42 |       |       ||    42
       Troll leather arm |       |       |       |    37 |   327 |   203 ||   567
Dodge: Dodged            |    41 |    79 |    86 |   238 |   854 |   632 ||  1930
Block: Kite shield       |       |       |       |   134 |   797 |   610 ||  1541
       Reflection        |       |       |       |       |       |    12 ||    12
       Rpst.: Scimitar   |       |       |       |     1 |   108 |    30 ||   139
       Triple sword      |       |       |       |       |       |    19 ||    19

Table legend: (Time is in decaauts)
 A = Elapsed time spent in this place.
 B = Non-inter-level travel time spent in this place.
 C = Inter-level travel time spent in this place.
 D = Time resting spent in this place.
 E = Time spent auto-exploring this place.
 F = Levels seen in this place.
 G = Mean time per level.
                   A        B        C        D        E       F      G
               +--------+--------+--------+--------+--------+-----+--------+
         Total |  36443 |  34562 |   1881 |   7439 |  16822 |  29 | 1256.7 |
       Dungeon |  21289 |  20174 |   1115 |   5311 |  10174 |  15 | 1419.3 |
        Temple |    349 |    262 |     87 |      0 |    261 |   1 |  349.0 |
          Lair |  10038 |   9579 |    459 |   1531 |   4624 |   6 | 1673.0 |
         Swamp |   1806 |   1727 |     79 |    183 |    936 |   3 |  602.0 |
  Orcish Mines |   1762 |   1622 |    140 |    207 |    676 |   2 |  881.0 |
      Ice Cave |    847 |    847 |      0 |    166 |    150 |   1 |  847.0 |
      Gauntlet |    349 |    349 |      0 |     41 |      0 |   1 |  349.0 |
               +--------+--------+--------+--------+--------+-----+--------+

Top non-repeatable levels by time:
  Lair:6: 2419 daAuts
  Lair:4: 2235 daAuts
     D:7: 2098 daAuts
     D:2: 2056 daAuts
    D:10: 1885 daAuts
     D:4: 1876 daAuts
     D:8: 1825 daAuts
     D:9: 1737 daAuts
    D:12: 1666 daAuts
  Lair:1: 1511 daAuts
  Lair:3: 1484 daAuts
    D:13: 1281 daAuts
  Lair:5: 1260 daAuts
    D:14: 1209 daAuts
  Lair:2: 1127 daAuts
